 Dungeon Crawl Stone Soup version 0.31-a0-455-g1a7b003ef0 (webtiles) character file.

Game seed: 12006428821242537188

187482 drugrobin the Executioner (level 17, -5/151 HPs)
             Began as a Demigod Delver on Aug 3, 2023.
             Killed by the raging water
             ... invoked by a water nymph
              (31 damage)
             ... on level 1 of the Shoals.
             The game lasted 01:41:50 (31132 turns).

drugrobin the Executioner (Demigod Delver)         Turns: 31132, Time: 01:41:50

Health: -5/151     AC: 39    Str: 30    XL:     17   Next: 28%
Magic:  25/25      EV: 14    Int: 24    God:
Gold:   2412       SH:  0    Dex: 15    Spells: 22/22 levels left

rFire   . . .        a - +4 battleaxe (flame)
rCold   + + .        (shield currently unavailable)
rNeg    . . .        T - +15 Maxwell's patent armour {-Cast -Tele rElec Will+ rCorr}
rPois   +            M - +2 helmet "Jarch" {rPois rC+}
rElec   +            j - +2 cloak
rCorr   +            (no gloves)
SInv    .            z - +0 pair of boots
Will    ++...        C - amulet of regeneration Stlth
                     t - ring "Kimukkaj" {rC+ Int+6 Stlth+}
HPRegen 1.25/turn    Z - ring of Ujobb {rPois rCorr EV+5 Str+5 Int-2}
MPRegen 0.19/turn

%: no teleportation, no spellcasting
@: marked, mesmerised, invisible, very slow
A: high MP 1, forlorn, divine attributes
a: no special abilities


You were on level 1 of the Shoals.
You visited 6 branches of the dungeon, and saw 26 of its levels.
You also visited: Bailey, Ice Cave and Volcano.

You collected 4216 gold pieces.
You spent 1804 gold pieces at shops.

Inventory:

Hand Weapons
 a - a +4 battleaxe of flaming (weapon)
 c - a +3 trident of venom
 s - a +0 heavy executioner's axe
 F - a +2 flail of protection
Missiles
 O - 5 throwing nets
 Q - 39 boomerangs (quivered)
Armour
 j - a +2 cloak (worn)
 n - the -2 hat of the Alchemist {rElec rPois rF+ rC+ rN+ Will+ rMut rCorr}
   (You found it on level 1 of the Elven Halls)

   rF:        It protects you from fire.
   rC:        It protects you from cold.
   rElec:     It insulates you from electricity.
   rPois:     It protects you from poison.
   rN:        It protects you from negative energy.
   rCorr:     It protects you from acid and corrosion.
   rMut:      It protects you from mutation.
   Will:      It increases your willpower.
 z - a +0 pair of boots (worn)
 B - a +2 crystal plate armour of cold resistance
 M - the +2 helmet "Jarch" (worn) {rPois rC+}
   (You bought it in a shop on level 1 of the Elven Halls)

   rC:        It protects you from cold.
   rPois:     It protects you from poison.
 T - the +15 Maxwell's patent armour (worn) {-Cast -Tele rElec Will+ rCorr}
   (You found it in a bailey)

   rElec:     It insulates you from electricity.
   -Cast:     It prevents spellcasting.
   -Tele:     It prevents most forms of teleportation.
   rCorr:     It protects you from acid and corrosion.
   Will:      It increases your willpower.
Jewellery
 t - the ring "Kimukkaj" (left hand) {rC+ Int+6 Stlth+}
   (You found it on level 11 of the Dungeon)

   [ring of intelligence]

   Int:       It affects your intelligence (+6).
   rC:        It protects you from cold.
   Stlth:     It makes you more stealthy.
 C - an amulet of regeneration (around neck)
 D - a ring of protection from fire
 R - a +4 ring of protection
 Z - the ring of Ujobb (right hand) {rPois rCorr EV+5 Str+5 Int-2}
   (You found it on level 1 of the Lair of Beasts)

   [ring of evasion]

   EV:        It affects your evasion (+5).
   Str:       It affects your strength (+5).
   Int:       It affects your intelligence (-2).
   rPois:     It protects you from poison.
   rCorr:     It protects you from acid and corrosion.
Wands
 g - a wand of digging (18)
 p - a wand of paralysis (13)
 v - a wand of polymorph (33)
 K - a wand of acid (15)
 N - a wand of roots (17)
 Y - a wand of flame (30)
Scrolls
 e - 6 scrolls of fear
 f - a scroll of immolation
 l - 15 scrolls of teleportation
 o - 2 scrolls of poison
 q - 2 scrolls of brand weapon
 w - 3 scrolls of silence
 y - 6 scrolls of blinking
 A - 10 scrolls of identify
 G - a scroll of fog
 H - 6 scrolls of amnesia
 P - a scroll of enchant weapon
 W - 5 scrolls of revelation
Potions
 d - 2 potions of haste
 h - 2 potions of invisibility
 i - 7 potions of heal wounds
 k - 2 potions of magic
 m - 6 potions of lignification
 r - a potion of berserk rage
 x - 11 potions of curing
 E - a potion of resistance
 I - a potion of ambrosia
 J - 7 potions of enlightenment
 S - 2 potions of might
 V - 3 potions of attraction
Miscellaneous
 U - a lightning rod (4/4)
 X - a phial of floods


   Skills:
 + Level 13.6 Fighting
 * Level 22.9 Axes
 + Level 13.4 Armour
 - Level 1.7 Dodging
 - Level 4.5 Stealth
 - Level 3.0 Spellcasting
 - Level 4.0 Evocations


You had 22 spell levels left.
You didn't know any spells.
Your spell library contained the following spells:

 Spells                   Type           Power      Damage    Failure   Level
 Foxfire                  Conj/Fire      12%        2x1d4     54%         1
 Magic Dart               Conj           12%        1d3       54%         1
 Blink                    Tloc           6%         N/A       67%         2
 Call Imp                 Summ           6%         N/A       67%         2
 Ensorcelled Hibernation  Hex/Ice        6%         N/A       67%         2
 Lesser Beckoning         Tloc           6%         N/A       67%         2
 Sublimation of Blood     Necr           3%         N/A       67%         2
 Wereblood                Tmut           3%         N/A       67%         2
 Gell's Gravitas          Tloc           3%         N/A       88%         3
 Mephitic Cloud           Conj/Pois/Air  3%         N/A       88%         3
 Ozocubu's Armour         Ice            3%         N/A       88%         3
 Stone Arrow              Conj/Erth      6%         3d7       88%         3
 Teleport Other           Tloc           3%         N/A       88%         3
 Vhi's Electric Charge    Tloc/Air       6%         N/A       88%         3
 Animate Armour           Summ/Erth      6%         N/A       99%         4
 Manifold Assault         Tloc           3%         N/A       99%         4
 Summon Ice Beast         Ice/Summ       3%         N/A       99%         4
 Alistair's Intoxication  Tmut/Pois      2%         N/A       100%        5
 Arcjolt                  Conj/Air       1%         1d11      100%        5
 Borgnjor's Vile Clutch   Necr/Erth      1%         N/A       100%        5
 Freezing Cloud           Conj/Ice/Air   1%         6-21      100%        5
 Metabolic Englaciation   Hex/Ice        1%         N/A       100%        5
 Eringya's Noxious Bog    Tmut/Pois      1%         4d6       100%        6
 Plasma Beam              Fire/Air       1%         2x1d11    100%        6
 Simulacrum               Ice/Necr       1%         N/A       100%        6
 Starburst                Conj/Fire      1%         6d3       100%        6
 Summon Hydra             Summ           1%         N/A       100%        7
 Lehudib's Crystal Spear  Conj/Erth      1%         10d2      100%        8
 Polar Vortex             Ice            1%         N/A       100%        9


Dungeon Overview and Level Annotations

Branches:
Dungeon (11/15)            Temple (0/1) D:7            Lair (5/5) D:10
 Shoals (1/4) Lair:3        Snake (4/4) Lair:3        Slime (0/5) Lair:5
    Orc (2/2) D:11            Elf (3/3) Orc:2        Bailey (visited)
  IceCv (visited)         Volcano (visited)

Shops:
D:3 ?   Orc:1 ?   Orc:2 **:[[   Elf:1 [   Elf:2 [   Snake:2 *   Snake:3 **?

Portals:
Hell: Lair:5
Trove: D:10 (give +4 ice dragon scales)

Annotations:
D:5 3 runed translucent doors, exclusion: 2 doors, IdlyInterested's ghost, novice DsGl
D:7 exclusion: door
D:8 2 transporters, noobcanoe's ghost, novice DjSh
D:9 exclusion: obsidian statue
Lair:2 2 transporters, Ottew's ghost, journeyman DsFi
Shoals:1 1 runed translucent door, lunkers's ghost, journeyman MeSh
Elf:2 3 runed translucent doors


Innate Abilities, Weirdness & Mutations

You have an increased reservoir of magic. (+10% MP)
You shall have no god before yourself.
Your divine heritage dramatically boosts your attributes as you level up.


Message History

Some shallow water, summoned.
Cleave: a) +4 battleaxe (flame)
Press: ? - help, Dir - move target, f - merfolk siren
Aim: a merfolk siren, wielding a +0 spear (grey smoke, severely wounded, mesmerising, about 32% to evade your +4 battleaxe of flaming)
Okay, then.
Unknown command.
Unknown command.
Unknown command.
Your unstable footing causes you to fumble your attack.
The merfolk siren chants its luring song.
The merfolk siren hits you from afar with a +2 trident of venom.
* * * LOW HITPOINT WARNING * * *
A merfolk comes into view. It is wielding a +0 trident.
The water nymph touches you.
* * * LOW HITPOINT WARNING * * *
The water nymph drowns you!
* * * LOW HITPOINT WARNING * * *
Unknown command.
Press: ? - help, v - describe, . - travel Some shallow water, summoned.
There is a cloud of grey smoke here.
Unknown command.
Unknown command.
Unknown command.
You fade into invisibility!
The wind drake closely misses you. The merfolk siren closely misses you.
The merfolk throws a throwing net.
The throwing net closely misses the wind drake.
The throwing net misses you.
You hear a splash.
The merfolk siren closely misses you.
The merfolk throws a throwing net.
The throwing net hits the merfolk siren.
The merfolk siren is caught in the net!
You hear a splash.
The merfolk siren chants a haunting song.
You resist with almost no effort.
The merfolk siren struggles against the net.
The water nymph gestures at you while chanting.
The water swirls and strikes you!!
You die...

~......##..≈≈≈≈≈.##.~~~~~~~~~~...
~...)....≈≈≈≈≈≈≈...~~....~~###'##
~.........≈≈≈≈≈≈≈.))~....~~# #.#
.......##.≈≈≈≈≈.).#m~~.....###.##
.......##..≈≈≈≈.###~~....).#.....
.......≈##.....###≈§~~..)..#..[..
~......#≈##..~####m~~~...†.##...#
~.......≈≈##~§###m§§........##.##
~,,,..~..m~~~§mm@~§.....~~~~~###~
,,,,.~)...~~~§§k§§......~~~~~~~,,
~,,*##....~~~~~...~~...~~≈~~..PPP
~,,**#....mm....~~~≈≈..≈≈≈~...P~P
~~,,#.....m...~~~~~≈.#.~≈~.###.PP
~~~,........~~~~~~..##...~.#*,.~P
,~~,......~~~~≈≈~≈..~.,,.~~,,>,~~
,~~,.....~~~.~≈≈≈≈~...,,~~~~,,~~~
~~~~~..~~~~~..~~~~~..,~~~~~~~~~~~


You could see a wind drake (repels missiles), 4 merfolk, 3 merfolk sirens and a
water nymph.

Vanquished Creatures
  Jorgrun (Elf:1)
  Mlioglotl (Snake:2)
  A kraken (Shoals:1)
  Agnes (Elf:2)
  Donald (Orc:1)
  A balrug (Orc:1)
  2 orc warlords
  A deep elf demonologist (Elf:3)
  3 deep elf annihilators
  A dire elephant (D:10)
  2 blizzard demons (IceCv)
  Josephine (Snake:1)
  A deep elf high priest (Elf:1)
  A hell beast (Lair:5)
  A catoblepas (Lair:3)
  8 anacondas
  5 hydras
  17 dancing weapons
  2 boulder beetles
  4 merfolk aquamancers (Shoals:1)
  3 naga warriors
  5 two-headed ogres
  6 death yaks
  9 deep elf knights
  6 naga sharpshooters
  5 orc high priests
  7 shock serpents
  A skyshark (Lair:3)
  2 salamander mystics
  3 naga ritualists
  4 sea snakes
  6 spriggan simulacra (IceCv)
  A wizard (Lair:5)
  18 deep elf archers
  An obsidian statue (IceCv)
  4 mana vipers
  A bog body (IceCv)
  21 orc knights
  14 harpies
  31 deep elf pyromancers
  2 oklob plants (Lair:2)
  5 manticores
  An ugly thing (D:11)
  30 deep elf zephyrmancers
  3 orc sorcerers
  3 cyclopes (Orc:2)
  A faun (Shoals:1)
  A mana viper (shapeshifter) (Elf:3)
  8 salamanders
  25 elephants
  2 merfolk sirens (Shoals:1)
  29 black mambas
  A guardian serpent (Snake:2)
  12 naga magi
  2 orange demons (Lair:5)
  8 cane toads
  6 rime drakes
  8 ice devils
  5 freezing wraiths
  A komodo dragon (shapeshifter) (Elf:3)
  Psyche (D:11)
  2 anaconda simulacra (IceCv)
  An unseen horror (D:7)
  A golden dragon simulacrum (IceCv)
  12 komodo dragons
  A red devil (Lair:5)
  5 trolls
  4 polar bears
  A hellwing (Lair:5)
  7 saltlings (Orc:2)
  A hornet (D:11)
  3 snapping turtles (Shoals:1)
  10 blink frogs
  10 merfolk (Shoals:1)
  4 dire elephant simulacra (IceCv)
  2 air elementals
  5 wraiths
  4 shadows
  4 wyverns
  33 yaks
  5 fire elementals
  A steam dragon (D:7)
  3 basilisks
  9 water elementals
  2 vampire mosquitoes (D:11)
  13 minotaur simulacra (IceCv)
  2 wargs (Orc:1)
  19 nagas
  2 harpy simulacra (IceCv)
  10 hell hounds
  9 water moccasins
  2 hydra simulacra (IceCv)
  A sky beast (D:7)
  29 orc warriors
  2 ice beasts
  An alligator simulacrum (IceCv)
  6 ogres
  8 centaurs
  A phantom (D:6)
  A kobold brigand (D:8)
  16 bullfrogs
  4 earth elementals
  8 deep troll simulacra (IceCv)
  3 scorpions
  5 wights (D:6)
  2 lindwurm simulacra (IceCv)
  8 howler monkeys
  8 electric eels
  2 lava snakes (Lair:3)
  3 jellies
  3 hounds
  10 orc priests
  4 gnoll boudas
  3 sleepcaps
  Natasha (thrice) (D:3)
  8 orc wizards
  2 iguanas
  18 gnolls
  A river rat (D:6)
  10 adders
  2 shadow imps (D:6)
  2 white imps (D:7)
  An ufetubus (D:7)
  A worm (D:5)
  3 dart slugs
  67 orcs
  2 endoplasms
  2 giant cockroaches (D:3)
  9 goblins
  6 hobgoblins
  15 jackals
  A quokka (D:2)
  6 ball pythons
  5 bats
  3 frilled lizards
  11 kobolds
  2 rats
  A spectral orc (D:4)
  3 tentacles (Shoals:1)
856 creatures vanquished.

Vanquished Creatures (others)
  3 deep elf knights
  A naga mage (Snake:2)
  2 tentacles (Shoals:1)
6 creatures vanquished.

Grand Total: 862 creatures vanquished

Notes
Turn   | Place    | Note
-------+----------+-------------------------------------------
     0 | D:5      | drugrobin the Demigod Delver began the quest for the Orb.
     0 | D:5      | Reached XP level 1. HP: 18/18 MP: 3/3
   132 | D:4      | Reached skill level 2 in Axes
   179 | D:3      | Noticed Natasha
   297 | D:4      | Noticed an iguana
   359 | D:2      | Noticed an ogre
   609 | D:1      | Reached XP level 2. HP: 4/25 MP: 4/4
   609 | D:1      | HP: 1/25 [jackal (3)]
   999 | D:1      | Reached skill level 3 in Axes
  1222 | D:1      | Reached XP level 3. HP: 30/30 MP: 5/5
  2569 | D:3      | Reached skill level 4 in Axes
  2632 | D:3      | HP: 1/30 [orc/+0 trident (6)]
  2633 | D:3      | Reached XP level 4. HP: 1/37 MP: 6/6
  2815 | D:3      | Found Dibi's Magic Scroll Shop.
  2837 | D:3      | Bought a scroll of identify for 26 gold pieces
  2837 | D:3      | Bought a scroll of teleportation for 39 gold pieces
  2837 | D:3      | Bought a scroll of amnesia for 52 gold pieces
  3246 | D:3      | Killed Natasha
  3356 | D:3      | Noticed Natasha
  3392 | D:3      | Killed Natasha
  3393 | D:3      | Reached skill level 5 in Axes
  3393 | D:3      | Reached XP level 5. HP: 38/42 MP: 7/7
  3477 | D:3      | Noticed Natasha
  3488 | D:3      | Killed Natasha
  4293 | D:5      | Reached skill level 6 in Axes
  4399 | D:5      | Reached XP level 6. HP: 45/50 MP: 8/8
  4821 | D:5      | Found a runed translucent gate.
  4821 | D:5      | Found a runed translucent gate.
  4821 | D:5      | Found a runed translucent gate.
  5280 | D:5      | Noticed a water moccasin
  5484 | D:5      | Noticed IdlyInterested's ghost (novice DsGl)
  5602 | D:6      | Reached skill level 7 in Axes
  5662 | D:6      | Reached XP level 7. HP: 38/56 MP: 9/9
  5855 | D:6      | Reached skill level 8 in Axes
  6198 | D:6      | Noticed Edmund
  6202 | D:6      | Edmund changed into Edmund the water moccasin
  6202 | D:6      | Noticed Edmund
  6210 | D:6      | Killed Edmund the water moccasin
  6211 | D:6      | Reached skill level 9 in Axes
  6360 | D:6      | Reached XP level 8. HP: 62/62 MP: 10/10
  6633 | D:3      | Bought a scroll of teleportation for 39 gold pieces
  6633 | D:3      | Bought a scroll of identify for 26 gold pieces
  6633 | D:3      | Bought a scroll of identify for 26 gold pieces
  6633 | D:3      | Bought a scroll of revelation for 97 gold pieces
  7139 | D:7      | Reached skill level 1 in Evocations
  7154 | D:7      | Found a staircase to the Ecumenical Temple.
  7355 | D:7      | Reached skill level 10 in Axes
  7843 | D:7      | Killed an unseen horror
  8126 | D:8      | Found a transporter.
  8192 | D:7      | Reached XP level 9. HP: 68/68 MP: 12/12
  8300 | D:8      | Reached skill level 1 in Spellcasting
  8458 | D:8      | Found a flagged portal.
  8483 | Bailey   | Entered a bailey
  8641 | Bailey   | Reached skill level 11 in Axes
  8881 | Bailey   | Found the +15 Maxwell's patent armour {-Cast -Tele rElec
                  | Will+ rCorr}
  9036 | D:8      | Found a transporter.
  9046 | D:8      | Identified the ring "Laocim" {rN+ Dex+3}
  9131 | D:8      | Reached skill level 1 in Armour
  9204 | D:8      | Noticed noobcanoe's ghost (novice DjSh)
  9610 | D:9      | Noticed a two-headed ogre
  9622 | D:9      | Killed a two-headed ogre
  9705 | D:9      | Noticed a two-headed ogre
  9722 | D:9      | Killed a two-headed ogre
  9723 | D:9      | Reached skill level 12 in Axes
  9723 | D:9      | Reached XP level 10. HP: 68/74 MP: 17/17
  9743 | D:9      | Noticed an obsidian statue
 10001 | D:10     | Entered Level 10 of the Dungeon
 10018 | D:9      | Reached skill level 5 in Armour
 10120 | D:10     | Noticed an elephant
 10218 | D:10     | Killed an elephant
 10264 | D:10     | Found a staircase to the Lair.
 10528 | D:10     | Found a portal to a secret trove of treasure.
 10712 | D:11     | Noticed a red ugly thing
 10808 | Lair:1   | Entered Level 1 of the Lair of Beasts
 10825 | Lair:1   | Noticed a dire elephant
 10856 | D:11     | Noticed a manticore
 10866 | D:11     | Killed a manticore
 10867 | D:11     | Reached skill level 13 in Axes
 10883 | D:11     | Noticed Psyche
 10906 | D:11     | Killed Psyche
 10924 | D:11     | Identified the ring "Kimukkaj" {rC+ Int+6 Stlth+}
 11077 | D:11     | Noticed a two-headed ogre
 11083 | D:11     | Noticed a two-headed ogre
 11146 | D:10     | Killed a two-headed ogre
 11165 | D:11     | Killed a two-headed ogre
 11166 | D:11     | Reached XP level 11. HP: 51/81 MP: 19/19
 11183 | D:11     | Paralysed by a hornet for 1 turns
 11268 | D:11     | Found a staircase to the Orcish Mines.
 11626 | D:10     | Killed a dire elephant
 11706 | Lair:1   | Reached skill level 14 in Axes
 12439 | Lair:1   | Reached skill level 10 in Armour
 12490 | Lair:1   | Identified the ring of Ujobb {rPois rCorr EV+5 Str+5 Int-2}
 12832 | Lair:1   | Reached XP level 12. HP: 88/88 MP: 20/20
 13084 | Lair:2   | Reached skill level 15 in Axes
 13364 | Lair:2   | Noticed a seven-headed hydra
 13592 | Lair:2   | Reached skill level 16 in Axes
 13709 | Lair:2   | Noticed Ottew's ghost (journeyman DsFi)
 13711 | Lair:2   | Found a transporter.
 13907 | Lair:2   | Found a transporter.
 14172 | Lair:3   | Found a staircase to the Shoals.
 14322 | Lair:3   | Noticed a boulder beetle
 14365 | Lair:3   | Killed a boulder beetle
 14391 | Lair:3   | Noticed a catoblepas
 14428 | Lair:3   | Killed a catoblepas
 14484 | Lair:3   | Found a dark tunnel.
 14496 | Volcano  | Entered a volcano
 14511 | Volcano  | Reached skill level 17 in Axes
 14618 | Volcano  | Reached XP level 13. HP: 87/96 MP: 21/21
 15031 | Lair:3   | Reached skill level 5 in Fighting
 15490 | Lair:3   | Found a staircase to the Snake Pit.
 16012 | Lair:4   | Reached skill level 18 in Axes
 16678 | Lair:5   | Entered Level 5 of the Lair of Beasts
 17618 | Lair:5   | Found a staircase to the Slime Pits.
 17933 | Lair:5   | Reached skill level 10 in Fighting
 18001 | Lair:5   | Reached XP level 14. HP: 58/121 MP: 22/22
 18226 | Lair:5   | Found a gateway to Hell.
 18608 | Orc:1    | Entered Level 1 of the Orcish Mines
 18855 | Orc:1    | Found Nesisoah's Magic Scroll Shoppe.
 18863 | Orc:1    | Bought a scroll of acquirement for 728 gold pieces
 18863 | Orc:1    | Acquired 931 gold pieces
 18869 | Orc:1    | Bought a scroll of identify for 28 gold pieces
 18869 | Orc:1    | Bought a scroll of identify for 28 gold pieces
 19168 | Orc:1    | Found a runed translucent door.
 19172 | Orc:1    | Noticed a balrug
 19419 | Orc:2    | Entered Level 2 of the Orcish Mines
 19654 | Orc:2    | Found Kecru's Gadget Gallery.
 19683 | Orc:2    | Found a staircase to the Elven Halls.
 19725 | Orc:2    | Noticed Donald
 19908 | Snake:1  | Entered Level 1 of the Snake Pit
 20431 | Snake:1  | Noticed Josephine
 20455 | Snake:1  | Killed Josephine
 20700 | Snake:1  | HP: 4/124 [naga sharpshooter/bolt (10)]
 21325 | Snake:2  | Reached skill level 19 in Axes
 21378 | Snake:2  | Found Gublifuh's CLEARANCE SALE!.
 21430 | Snake:2  | Bought a scroll of identify for 12 gold pieces
 21722 | Snake:2  | Noticed Mlioglotl
 21739 | Snake:2  | Killed Mlioglotl
 22837 | Snake:3  | Reached skill level 20 in Axes
 22976 | Snake:3  | Found Uxos's Assorted Antiques.
 22976 | Snake:3  | Found Tigoczy's Magic Scroll Boutique.
 22983 | Snake:3  | Found Ucuef's General Store.
 22985 | Snake:3  | Bought a scroll of identify for 62 gold pieces
 22985 | Snake:3  | Bought a scroll of identify for 62 gold pieces
 22993 | Snake:3  | Bought a scroll of identify for 28 gold pieces
 22993 | Snake:3  | Bought a scroll of identify for 28 gold pieces
 23198 | Snake:3  | Reached XP level 15. HP: 29/129 MP: 23/23
 23768 | Snake:4  | Entered Level 4 of the Snake Pit
 24596 | Orc:1    | Killed Donald
 25139 | Orc:2    | Found Veal's General Store.
 25184 | Orc:2    | Found Muavah's Armour Shoppe.
 25254 | Orc:2    | Found Syluge Jipt's Armour Shoppe.
 25318 | Orc:2    | Found Ahy Doa's Book Shoppe.
 25698 | Elf:1    | Entered Level 1 of the Elven Halls
 25709 | Elf:1    | Reached skill level 21 in Axes
 26103 | Elf:1    | Found the -2 hat of the Alchemist {rElec rPois rF+ rC+ rN+
                  | Will+ rMut rCorr}
 26392 | Elf:1    | Found Maohej's Armour Boutique.
 26400 | Elf:1    | Bought the +2 helmet "Jarch" {rPois rC+} for 523 gold
                  | pieces
 26429 | Elf:2    | Noticed Jorgrun
 26445 | Elf:1    | Killed Jorgrun
 26756 | Elf:2    | Reached XP level 16. HP: 138/139 MP: 24/24
 26758 | Elf:2    | Noticed Agnes
 26770 | Elf:2    | Killed Agnes
 27009 | Elf:2    | Found Evvecras's Antique Armour Shop.
 27430 | Elf:2    | Found a runed translucent gate.
 27430 | Elf:2    | Found a runed translucent gate.
 27441 | Elf:2    | Found a runed translucent gate.
 27642 | Elf:3    | Entered Level 3 of the Elven Halls
 27784 | Elf:3    | Noticed a Tzitzimitl
 27973 | Elf:3    | Reached skill level 22 in Axes
 29586 | Shoals:1 | Entered Level 1 of the Shoals
 29677 | Shoals:1 | Found a runed translucent door.
 29680 | Shoals:1 | Noticed lunkers's ghost (journeyman MeSh)
 29851 | Shoals:1 | Noticed a kraken
 29866 | Shoals:1 | Killed a kraken
 29867 | Shoals:1 | Reached XP level 17. HP: 134/150 MP: 25/25
 29920 | Shoals:1 | Found a frozen archway.
 29973 | IceCv    | Entered an ice cave
 30969 | IceCv    | Found the +6 lightning scales {swift, rElec}
 30980 | IceCv    | Got the Thoughts on Cryomancy
 31132 | Shoals:1 | Killed from afar by a water nymph

Illustrated notes

Levels and vault maps discovered:
D:1:      dpeg_arrival_simpleton_a, layout_basic
D:2:      layout_rooms, basic_altar
D:3:      cheibrodos_pilgrimage, layout_basic, nicolae_ecumenical_lake_church,
          serial_shops, shop, minmay_misc_feat_square, uniq_natasha
D:4:      layout_basic, overflow_temple_1_default,
          yredelemnul_forgotten_temple_becter, kennysheep_cross_room, hex_medium
D:5:      layout_basic, gammafunk_ghost_necromancy
D:6:      layout_loops_ring, uniq_edmund
D:7:      layout_cave_pods, grunt_temple_overflow_open,
          minmay_temple_entry_ruins, grunt_potential
D:8:      layout_loops_corners, bloody_makhleb, enter_bailey_3,
          gammafunk_ghost_gnarly_gnolls
D:9:      layout_big_octagon, tso_altar, minivault_16,
          chequers_serial_rivers_small_a
D:10:     layout_cave_pools, mainiacjoe_overflow_surrounded_room,
          nicolae_ru_path_of_blood, nemelex_diamond_rough_becter,
          david_lair_generic, nicolae_trove_entry_columns
D:11:     layout_basic, orc_0_dummy, serial_bayou_ford_a, uniq_psyche
Lair:1:   layout_cave_pods, nicolae_lair_grazing_beasts
          [nicolae_sub_lair_graze_edge, nicolae_sub_lair_graze_edge,
          nicolae_sub_lair_graze_edge, nicolae_sub_lair_graze_edge],
          grunt_megastairs_2, serial_bayou_shore_b, lemuel_fruit_fields
Lair:2:   layout_regular_city, gammafunk_ghost_berserking_beasts,
          hangedman_tree_tricks, st_stairs_3
Lair:3:   layout_big_grid, minmay_shoals_entry_centaurs,
          alex1729_snake_entry_snake, enter_volcano_4, basic_altar,
          nicolae_lair_liquid_snakes, serial_bayou_shore_a
Lair:4:   beast_lair_carwin_large_2, layout_loops_ring, evilmike_ambush
          [evilmike_ambush_outer_basic, evilmike_ambush_inner_basic]
Lair:5:   evil_forest, layout_regular_city, dpeg_slime_entry_enclosed
Shoals:1: layout_shoals, portal_ice_cave_entry_frozen_things,
          ebering_ghost_inner_flame, nicolae_shoals_kraken_intersection
Snake:1:  layout_basic, nicolae_large_snake_swirl, uniq_josephine
Snake:2:  layout_misc_corridors, nicolae_shop_clearance,
          nicolae_triple_integral, lemuel_fruit_tree, uniq_mlioglotl
Snake:3:  layout_rooms, nicolae_snake_serpentine_bazaar
Snake:4:  hellmonk_snake_rune_quicksilver_temple, layout_cave_town,
          grunt_ministairs_7, minmay_shop_star, uniq_vashnia
Orc:1:    dreamdust_dug_too_deep, layout_caves, serial_shops,
          nicolae_shop_advertising_works [nicolae_subvault_shop_adworks]
Orc:2:    hellmonk_orc_salted, layout_diamond_mine, nicolae_shop_gadgets,
          uniq_donald
Elf:1:    eino_elf_arrival_the_gate, layout_rooms, serial_shops, shop,
          minivault_28, nicolae_elf_glassroom_feature
Elf:2:    nicolae_elf_blades_splatter_lattice [nicolae_blade_entry_pointy_end],
          layout_loops_ring, serial_shops, nicolae_shop_tiny_statue_garden,
          minmay_fountain_box, st_stairs_2, uniq_jorgrun, uniq_agnes
Elf:3:    elf_hall_gauntlet_wide, layout_gridlike, special_room
          [special_room_orc]

Skill      XL: |  1  2  3  4  5  6  7  8  9 10 11 12 13 14 15 16 |
---------------+-------------------------------------------------+-----
Axes           | 2 3 4 5 6 7 9 10 12 13 14 17 18 20 21 22 | 22.9
Evocations     | 4 |  4.0
Spellcasting   | 3 |  3.0
Armour         | 4 7 10 11 13 | 13.4
Fighting       | 4 10 11 12 13 | 13.6
Dodging        | |  1.7
Stealth        | |  4.5

Action                     |  1- 3 |  4- 6 |  7- 9 | 10-12 | 13-15 | 16-18 || total
---------------------------+-------+-------+-------+-------+-------+-------++-------
  Melee: Hand axe          |   169 |   169 |    52 |       |       |       ||   390
         Punch             |     3 |     2 |     5 |       |       |       ||    10
         Unarmed           |       |     6 |       |       |       |       ||     6
         Flail             |       |       |   349 |   234 |   736 |       ||  1319
         War axe           |       |       |   155 |   644 |   931 |       ||  1730
         Dagger            |       |       |     5 |    37 |    30 |       ||    72
         Battleaxe         |       |       |       |       |   213 |   763 ||   976
         Executioner's axe |       |       |       |       |    49 |     1 ||    50
         Trident           |       |       |       |       |     5 |     6 ||    11
   Fire: Shortbow          |       |     4 |    14 |       |       |       ||    18
  Throw: Dart              |       |     7 |       |     8 |       |       ||    15
         Boomerang         |       |       |     4 |     5 |    11 |     6 ||    26
  Evoke: Wand              |       |     1 |     2 |     1 |     5 |     5 ||    14
         Lightning rod     |       |       |       |     4 |     7 |       ||    11
         Phial of floods   |       |       |       |       |     3 |       ||     3
    Use: Potion            |     1 |       |       |     1 |     3 |     1 ||     6
         Scroll            |       |     5 |     4 |     4 |    12 |     3 ||    28
   Stab: Sleeping          |     9 |     7 |       |       |       |       ||    16
 Armour: Leather armour    |    54 |    32 |       |       |       |       ||    86
         Skin              |       |     2 |       |       |       |       ||     2
         Scale mail        |       |    26 |   106 |       |       |       ||   132
         Plate armour      |       |       |   343 |   648 |  1317 |   424 ||  2732
  Dodge: Dodged            |   139 |   121 |   219 |   324 |   998 |   412 ||  2213
  Block: Kite shield       |       |       |    50 |   329 |   652 |       ||  1031

Table legend: (Time is in decaauts)
 A = Elapsed time spent in this place.
 B = Non-inter-level travel time spent in this place.
 C = Inter-level travel time spent in this place.
 D = Time resting spent in this place.
 E = Time spent auto-exploring this place.
 F = Levels seen in this place.
 G = Mean time per level.
                   A        B        C        D        E       F      G
               +--------+--------+--------+--------+--------+-----+--------+
         Total |  30809 |  28436 |   2373 |   2584 |  15333 |  29 | 1062.4 |
       Dungeon |  11413 |  10282 |   1131 |    747 |   6120 |  11 | 1037.5 |
          Lair |   6876 |   6252 |    624 |    389 |   3477 |   5 | 1375.2 |
        Shoals |    473 |    473 |      0 |     31 |     55 |   1 |  473.0 |
     Snake Pit |   4139 |   4001 |    138 |    718 |   1799 |   4 | 1034.8 |
  Orcish Mines |   2445 |   2140 |    305 |    151 |   1387 |   2 | 1222.5 |
   Elven Halls |   3654 |   3480 |    174 |    481 |   1647 |   3 | 1218.0 |
        Bailey |    489 |    489 |      0 |     57 |    149 |   1 |  489.0 |
      Ice Cave |    989 |    989 |      0 |      0 |    603 |   1 |  989.0 |
       Volcano |    327 |    327 |      0 |      9 |     95 |   1 |  327.0 |
               +--------+--------+--------+--------+--------+-----+--------+

Top non-repeatable levels by time:
  Lair:1: 1597 daAuts
  Lair:5: 1568 daAuts
 Snake:2: 1513 daAuts
   Elf:3: 1505 daAuts
  Lair:3: 1493 daAuts
     D:1: 1328 daAuts
     D:5: 1308 daAuts
   Orc:2: 1282 daAuts
 Snake:1: 1257 daAuts
     D:2: 1191 daAuts
   Orc:1: 1162 daAuts
   Elf:2: 1158 daAuts
 Snake:3: 1148 daAuts
  Lair:2: 1109 daAuts
     D:7: 1109 daAuts
